 Dungeon Crawl Stone Soup version 0.26.1-11-gd32895ea62 (webtiles) character file.

Game seed: 11838205630717972286

32 Zeld the Charlatan (level 3, -1/23 HPs)
             Began as an Octopode Artificer on May 18, 2021.
             Slain by an orc wizard
             ... wielding a +0 dagger
              (6 damage)
             ... on level 2 of the Dungeon.
             The game lasted 00:01:34 (976 turns).

Zeld the Charlatan (Octopode Artificer)              Turns: 976, Time: 00:01:34

Health: -1/23      AC:  1    Str: 12    XL:     3   Next: 25%
Magic:  3/3        EV: 14    Int: 13    God:
Gold:   14         SH:  0    Dex: 12    Spells: 2/2 levels left

rFire    . . .     SeeInvis .   a - +0 whip
rCold    . . .     Faith    .   (no shield)
rNeg     . . .     Spirit   .   (helmet restricted)
rPois    .         Reflect  .   (no amulet)
rElec    .         Harm     .   (no ring)
rCorr    .         Rampage  .   (no ring)
Will     .....                  (no ring)
Stlth    +++.......             (no ring)
HPRegen  0.07/turn              (no ring)
MPRegen  0.08/turn              (no ring)
                                (no ring)
                                (no ring)

@: no status effects
A: almost no armour, stealthy swim, amphibious, 8 rings, constrict 8, camouflage
1, gelatinous body 1
a: no special abilities


You were on level 2 of the Dungeon.
You visited 1 branch of the dungeon, and saw 2 of its levels.

You collected 14 gold pieces.

Inventory:

Hand Weapons
 a - a +0 whip (weapon)
Wands
 b - a wand of flame (15) (quivered)
 c - a wand of enslavement (15)
 d - a wand of random effects (15)
Scrolls
 f - a scroll of identify {unknown}
Potions
 e - a potion of curing {unknown}


   Skills:
 * Level 1.1 Fighting
 + Level 0.2 Maces & Flails
 * Level 2.9 Dodging
 - Level 1.3 Stealth
 * Level 4.2 Evocations


You had 2 spell levels left.
You didn't know any spells.
Your spell library was empty.

Dungeon Overview and Level Annotations

Branches:
Dungeon (1/15)

Altars:


Innate Abilities, Weirdness & Mutations

You cannot wear most types of armour.
You are very stealthy in the water. (Stealth+)
You are amphibious.
You can wear up to eight rings at the same time.
You can use your tentacles to constrict eight enemies at once.
Your skin changes colour to match your surroundings (Stealth+).
Your rubbery body absorbs attacks. (AC +1, EV +1)


Message History

Your experience leads to an increase in your attributes!
Increase (S)trength, (I)ntelligence, or (D)exterity?
You feel stronger.
You hit the orc wizard. Your grab misses the orc wizard.
The orc wizard is lightly wounded.
The orc wizard hits you with a +0 dagger.
You barely miss the orc wizard. Your grab misses the orc wizard.
The orc wizard is lightly wounded.
The orc wizard points at you and mumbles some strange words.
The puff of flame hits you!
* * * LOW HITPOINT WARNING * * *
The orc wizard completely misses you.
You are too injured to fight recklessly!
Unknown command.
You are too injured to fight recklessly!
You hit the orc wizard. You grab the orc wizard.
The orc wizard is heavily wounded.
You constrict the orc wizard.
The orc wizard hits you with a +0 dagger.
You die...

### ##..(..... #
.... .......## .##
.go..##..#...#....
...!..o^...#....
.... #o.....#
.!...##..#.###
#.......#
####..######S#
#####...o@....#
#..)...########
#.###### #.# #.#
>$# ###


You could see an orc wizard and an adder (asleep).

Vanquished Creatures
  An adder (D:2)
  2 giant cockroaches (D:1)
  4 goblins
  2 hobgoblins (D:1)
  4 jackals (D:1)
  3 bats
  2 frilled lizards (D:1)
  A kobold (D:1)
  2 rats (D:1)
21 creatures vanquished.

Notes
Turn   | Place    | Note
-------+----------+-------------------------------------------
     0 | D:1      | Zeld the Octopode Artificer began the quest for the Orb.
     0 | D:1      | Reached XP level 1. HP: 13/13 MP: 1/1
    88 | D:1      | Reached XP level 2. HP: 14/18 MP: 2/2
   394 | D:1      | Reached skill level 4 in Evocations
   950 | D:1      | You fall into a shaft and drop 1 floor!
   974 | D:2      | Reached XP level 3. HP: 17/23 MP: 3/3
   976 | D:2      | Slain by an orc wizard

Illustrated notes

Levels and vault maps discovered:
D:1:      saegor_arrival_miasma, layout_basic, serial_forest,
          infiniplex_forest_lined_2, infiniplex_forest_clump_diagonal,
          infiniplex_forest_straight_2, infiniplex_forest_clump_medium,
          infiniplex_forest_clump_tiny, infiniplex_forest_end_3
D:2:      layout_loops_cross, general_overflow_altar, minmay_tromino_v4_c

Skill      XL: |  1  2 |
---------------+-------+-----
Evocations     | 4 |  4.2
Fighting       | |  1.1
Maces & Flails | |  0.2
Dodging        | |  2.9
Stealth        | |  1.3

Action                   || total
-------------------------++-------
Melee: Unarmed           ||    17
       Constrict         ||    16
       Tentacles         ||    11
       Whip              ||    27
 Stab: Sleeping          ||     1
Armor: Skin              ||     3
Dodge: Dodged            ||    28
